 Dungeon Crawl Stone Soup version 0.29-a0-330-g52719c12eb (webtiles) character file.

Game seed: 2631251976579206929

8199 Crownlay the Geomancer (level 11, -1/72 HPs)
             Began as an Octopode Earth Elementalist on May 8, 2022.
             Was an Initiate of Gozag.
             Slain by a centaur warrior (2 damage)
             ... on level 9 of the Dungeon.
             The game lasted 00:22:43 (12692 turns).

Crownlay the Geomancer (OpEE)                      Turns: 12692, Time: 00:22:44

Health: -1/72      AC:  1    Str: 12    XL:     11   Next: 27%
Magic:  6/23       EV: 13    Int: 22    God:    Gozag
Gold:   466        SH:  0    Dex: 17    Spells: 13/26 levels left

rFire   . . .      SeeInvis .   u - +9 hunting sling of Paper {vorpal, rPois Will- Str+4 Dex+5}
rCold   . . .      Faith    .   (no shield)
rNeg    . . .      Spirit   .   (helmet restricted)
rPois   +          Reflect  .   (no amulet)
rElec   .          Harm     .   (no ring)
rCorr   .          Rampage  .   (no ring)
Will    .....                   (no ring)
Stlth   +++.......              (no ring)
HPRegen 0.22/turn               (no ring)
MPRegen 0.18/turn               (no ring)
                                (no ring)
                                (no ring)

@: mighty, gold aura
A: almost no armour, amphibious, 8 rings, camouflage 1, gelatinous body 1,
(nimble swimmer 1), tentacles
a: Renounce Religion, Potion Petition, Call Merchant, Bribe Branch


You were on level 9 of the Dungeon.
You worshipped Gozag.
Gozag was aware of your devotion.
You visited 2 branches of the dungeon, and saw 10 of its levels.

You collected 1344 gold pieces.
You spent 126 gold pieces at shops.
You paid 752 gold pieces to Gozag.

Inventory:

Hand Weapons
 u - the +9 hunting sling of Paper (weapon) {vorpal, rPois Will- Str+4 Dex+5}
   (You found it on level 5 of the Dungeon)

   Any ammunition fired from it inflicts extra damage upon your enemies.
   Str:       It affects your strength (+4).
   Dex:       It affects your dexterity (+5).
   rPois:     It protects you from poison.
   Will:      It decreases your willpower.
 y - the +3 woodcutter's axe {vorpal}
   (You took it off a gnoll sergeant on level 6 of the Dungeon)

   It inflicts extra damage upon your enemies.
Missiles
 a - 146 stones
Armour
 x - a +0 kite shield
Wands
 i - a wand of iceblast (10)
 s - a wand of mindburst (7)
 w - a wand of polymorph (15)
Scrolls
 f - a scroll of enchant armour
 g - 2 scrolls of fog
 l - a scroll of teleportation {unknown}
 n - a scroll of noise {unknown}
 p - 2 scrolls of enchant weapon
 q - 3 scrolls of amnesia
 t - a scroll of immolation {unknown}
 v - 2 scrolls of summoning
 z - a scroll of magic mapping
Potions
 b - 4 potions of magic
 c - a potion of lignification {unknown}
 d - 3 potions of curing
 e - a potion of ambrosia {unknown}
 h - 2 potions of haste {unknown}
 j - 2 potions of brilliance
 m - 4 potions of heal wounds
 o - 4 potions of might
 r - a potion of invisibility
 A - a potion of mutation {unknown}


   Skills:
 - Level 6.0 Fighting
 - Level 4.0(4.6) Slings
 * Level 3.6(4.5) Throwing
 - Level 2.0 Dodging
 - Level 2.6 Stealth
 + Level 8.1 Spellcasting
 + Level 8.7 Conjurations
 - Level 1.0 Transmutations
 + Level 9.3 Earth Magic


You had 13 spell levels left.
You knew the following spells:

 Your Spells              Type           Power      Damage    Failure   Level
a - Sandblast             Erth           100%       2d20      1%          1
b - Stone Arrow           Conj/Erth      96%        3d13      1%          3
c - Petrify               Tmut/Erth      31%        N/A       9%          4
d - Borgnjor's Vile Clut  Necr/Erth      14%        N/A       30%         5

Your spell library contained the following spells:

 Spells                   Type           Power      Damage    Failure   Level
 Passwall                 Tmut/Erth      25%        N/A       1%          2
 Ensorcelled Hibernation  Hex/Ice        16%        N/A       11%         2
 Swiftness                Air            8%         N/A       22%         3
 Animate Dead             Necr           4%         N/A       58%         4
 Death Channel            Necr           4%         N/A       100%        6


Dungeon Overview and Level Annotations

Branches:
Dungeon (9/15)             Temple (1/1) D:4            Lair (0/6) D:8
    Orc: D:9-12

Altars:
Cheibriados
Dithmenos
Elyvilon
Fedhas
Gozag
Hepliaklqana
Kikubaaqudgha
Makhleb
Nemelex Xobeh
Okawaru
Qazlal
Sif Muna
Trog
Uskayaw
Vehumet
Wu Jian
Xom
Zin
The Shining One

Shops:
D:8 =*(


Innate Abilities, Weirdness & Mutations

You cannot wear most types of armour.
You are amphibious.
You can wear up to eight rings at the same time.
Your skin changes colour to match your surroundings (Stealth+).
Your rubbery body absorbs attacks. (AC +1, EV +1)
((You are camouflaged when in or above water. (Stealth+)))
You have tentacles for arms and can constrict up to eight enemies at once.


Message History

You are no longer entranced.
You kill Maggie!
The blast of sand misses the centaur warrior.
The centaur warrior wields a +0 shortbow.
The centaur warrior shoots an arrow.
The arrow hits you!
The centaur warrior shoots an arrow.
The arrow barely misses you.
The blast of sand hits the centaur warrior!!
The centaur warrior is moderately wounded.
The centaur warrior shoots an arrow.
The arrow hits you!!
You are too injured to fight recklessly!
The centaur warrior unwields a +0 shortbow.
The centaur warrior hits you!
* * * LOW HITPOINT WARNING * * *
The centaur warrior kicks you.
* * * LOW HITPOINT WARNING * * *
Casting: Sandblast (safe; 1% risk of failure)
Confirm with . or Enter, or press ? or * to list all spells.
Aiming: Sandblast (safe; 1% risk of failure)
Press: ? - help, Shift-Dir - straight line, f/p - centaur warrior
Aim: a centaur warrior (moderately wounded, 88% to hit)
The blast of sand misses the centaur warrior.
The centaur warrior hits you.
* * * LOW HITPOINT WARNING * * *
The centaur warrior kicks you.
* * * LOW HITPOINT WARNING * * *
The centaur warrior hits you!
* * * LOW HITPOINT WARNING * * *
The centaur warrior kicks you.
* * * LOW HITPOINT WARNING * * *
You feel much better. The centaur warrior barely misses you.
The centaur warrior kicks you.
* * * LOW HITPOINT WARNING * * *
You feel very mighty all of a sudden. The centaur warrior hits you.
* * * LOW HITPOINT WARNING * * *
The centaur warrior closely misses you. The centaur warrior hits you!
* * * LOW HITPOINT WARNING * * *
The centaur warrior kicks you.
You die...
Your body crumbles into a pile of gold.

#.........#...#
######.[.......#.###
#....###########'###
#....#.......#......
#....#.......#......
#?...#.......'......
#...$#.......#......
#....#.......#..)...
#..@.'.......#...[..
##c#####....####[###
#....###....####'###
#......+...........#
#......#..........<#
#..... #...........#
#.... #########'###
#... ........... ##
...........


You could see a centaur warrior.

Vanquished Creatures
  Erica (D:8)
  Maggie (D:9)
  A hornet (D:9)
  7 yaks (D:8)
  7 humans (D:8)
  Grum (D:8)
  2 water moccasins (D:6)
  7 black bears
  2 ice beasts
  4 sky beasts
  An ogre (D:6)
  3 orc warriors
  3 wolves (D:8)
  2 phantoms
  3 centaurs
  The ghost of PanSaczeczos the Bolt Thrower, an amateur KoHu (D:6)
  A kobold brigand (D:6)
  6 bullfrogs
  4 gnoll sergeants (D:6)
  A necrophage (D:6)
  5 scorpions
  9 wights
  4 killer bees (D:8)
  3 howler monkeys (D:8)
  6 hounds
  2 jellies
  3 gnoll shamans
  5 orc priests
  Jessica (D:8)
  An iguana (D:4)
  2 orc wizards (D:9)
  Robin (D:3)
  8 gnolls
  5 adders
  3 white imps
  A dart slug (D:1)
  12 orcs
  3 endoplasms
  3 giant cockroaches
  13 goblins
  11 hobgoblins
  2 jackals (D:8)
  A quokka (D:4)
  2 ball pythons
  6 bats
  2 frilled lizards
  13 kobolds
  A rat (D:1)
186 creatures vanquished.

Vanquished Creatures (others)
  10 fungi (D:8)
  45 plants
55 creatures vanquished.

Grand Total: 241 creatures vanquished

Notes
Turn   | Place    | Note
-------+----------+-------------------------------------------
     0 | D:1      | Crownlay the Octopode Earth Elementalist began the quest
                  | for the Orb.
     0 | D:1      | Reached XP level 1. HP: 11/11 MP: 3/3
   396 | D:1      | Reached XP level 2. HP: 13/18 MP: 0/5
   752 | D:1      | Reached skill level 1 in Fighting
  1101 | D:1      | Found a faded altar of an unknown god.
  1133 | D:2      | Reached XP level 3. HP: 23/23 MP: 3/6
  1137 | D:2      | Learned a level 3 spell: Stone Arrow
  1962 | D:3      | Reached skill level 1 in Conjurations
  1982 | D:3      | Reached XP level 4. HP: 29/29 MP: 3/7
  2222 | D:3      | Noticed Robin
  2230 | D:3      | Killed Robin
  2231 | D:3      | Reached skill level 4 in Earth Magic
  2233 | D:3      | Reached XP level 5. HP: 20/35 MP: 5/8
  3364 | D:4      | Noticed a phantom
  3372 | D:4      | Killed a phantom
  3550 | D:4      | Reached XP level 6. HP: 39/42 MP: 10/10
  4116 | D:4      | Found a radiant altar of Vehumet.
  4117 | D:4      | Found a glowing golden altar of the Shining One.
  4460 | D:4      | Found a staircase to the Ecumenical Temple.
  4469 | Temple   | Entered the Ecumenical Temple
  4630 | Temple   | Became a worshipper of Gozag Ym Sagoz the Greedy
  4795 | D:5      | Entered Level 5 of the Dungeon
  4805 | D:5      | HP: 1/42 [scorpion (6)]
  5082 | D:5      | Reached skill level 5 in Earth Magic
  5147 | D:5      | Reached XP level 7. HP: 21/47 MP: 8/11
  5860 | D:5      | Identified the +9 hunting sling of Paper {vorpal, rPois
                  | Will- Str+4 Dex+5}
  5913 | D:5      | HP: 2/48 [centaur/arrow (12)]
  6511 | D:6      | Reached XP level 8. HP: 54/54 MP: 3/13
  6652 | D:6      | Reached skill level 5 in Fighting
  6678 | D:6      | Reached skill level 6 in Earth Magic
  6716 | D:6      | Found a runed translucent gate.
  6716 | D:6      | Found a runed translucent gate.
  6718 | D:6      | Found a runed translucent gate.
  6722 | D:6      | Noticed PanSaczeczos's ghost (amateur KoHu)
  7145 | D:6      | Learned a level 4 spell: Petrify
  7259 | D:6      | Reached skill level 7 in Earth Magic
  7268 | D:6      | Reached skill level 1 in Slings
  7283 | D:6      | Reached XP level 9. HP: 62/62 MP: 1/15
  7936 | D:6      | Killed PanSaczeczos's ghost
  8255 | D:7      | Found a stormy altar of Qazlal.
  8333 | D:7      | Reached skill level 5 in Spellcasting
  8468 | D:7      | Reached skill level 8 in Earth Magic
  8572 | D:7      | Reached skill level 5 in Conjurations
  8682 | D:7      | Found a bloodstained altar of Trog.
  9277 | D:8      | Found Catel's Weapon Shoppe.
  9290 | D:8      | Noticed Grum
  9370 | D:8      | Killed Grum
  9371 | D:8      | Reached XP level 10. HP: 18/68 MP: 14/18
  9747 | D:8      | Found a blossoming altar of Fedhas.
  9804 | D:8      | Noticed Erica
  9809 | D:8      | Killed Erica
  9810 | D:8      | Reached skill level 9 in Earth Magic
 10175 | D:8      | Found a staircase to the Lair.
 10244 | D:8      | Noticed Jessica
 10272 | D:8      | Bought a potion of degeneration for 14 gold pieces
 10272 | D:8      | Bought a scroll of identify for 28 gold pieces
 10272 | D:8      | Bought a scroll of fog for 28 gold pieces
 10272 | D:8      | Bought a potion of brilliance for 56 gold pieces
 10558 | D:8      | Found a hide-covered altar of Uskayaw.
 10559 | D:8      | Found Taviv's One-of-a-Kind Rings.
 11046 | D:8      | Reached skill level 1 in Throwing
 11635 | D:8      | Reached XP level 11. HP: 45/72 MP: 19/22
 11918 | D:8      | Killed Jessica
 12084 | D:9      | Found a sparkling altar of Nemelex Xobeh.
 12109 | D:9      | Found a shadowy altar of Dithmenos.
 12134 | D:9      | Learned a level 5 spell: Borgnjor's Vile Clutch
 12672 | D:9      | Noticed a centaur warrior
 12680 | D:9      | Noticed Maggie
 12686 | D:9      | Killed Maggie
 12692 | D:9      | HP: 1/72 [centaur warrior (14)]
 12692 | D:9      | Slain by a centaur warrior

Illustrated notes

Levels and vault maps discovered:
D:1:      dpeg_arrival_orchard, layout_loops_corners,
          ebering_ecumenical_altar_hall
D:2:      layout_loops_ring
D:3:      layout_loops_ring, serial_bayou, serial_bayou_lake_a,
          serial_bayou_lagoon_a, serial_bayou_pond_d, serial_bayou_lagoon_b,
          uniq_robin
D:4:      layout_basic, chequers_temple_overflow_statue_of_worship,
          minmay_temple_entry_nine_rooms
D:5:      layout_basic, cheibrodos_gnoll_hut
D:6:      layout_loops_ring, ebering_ghost_rock_garden,
          pf_guarded_unrand_woodcutter
D:7:      layout_basic, mainiacjoe_overflow_tiny_flanked, grunt_qazlal_sundering
D:8:      erik_cavepeople, layout_cave_pods, fedhas_ov_isle_minmay,
          mainiacjoe_overflow_cross_hatched, grunt_lair_entry_orc_guard_hut,
          serial_shops, shop, nicolae_shop_unique_rings, uniq_grum, uniq_erica
D:9:      layout_gridville, nemelex_spade_bored_becter,
          grunt_dithmenos_smoke_and_mirrors, kennysheep_opposing_triangles,
          uniq_maggie
Temple:   oiseaux_autumnal_temple

Skill      XL: |  1  2  3  4  5  6  7  8  9 10 11 |
---------------+----------------------------------+-----
Fighting       | 1 2 3 4 6 |  6.0
Conjurations   | 1 2 3 4 5 8 |  8.7
Earth Magic    | 4 5 7 8 9 |  9.3
Spellcasting   | 3 4 5 7 8 |  8.1
Slings         | 1 3 4 |  4.0
Throwing       | 1 3 |  3.6
Dodging        | |  2.0
Stealth        | |  2.6
Transmutations | |  1.0

Action                   |  1- 3 |  4- 6 |  7- 9 | 10-12 || total
-------------------------+-------+-------+-------+-------++-------
Melee: Dagger            |    11 |    84 |       |       ||    95
       Tentacles         |     2 |    20 |       |       ||    22
       Constrict         |     2 |    19 |       |       ||    21
       Punch             |       |     1 |       |       ||     1
       Hunting sling     |       |       |       |     1 ||     1
 Fire: Hunting sling     |       |       |   115 |    89 ||   204
 Cast: Sandblast         |    28 |    43 |    14 |    51 ||   136
       Stone Arrow       |       |       |    52 |    38 ||    90
Invok: Call Merchant     |       |       |       |     1 ||     1
  Use: Scroll            |     1 |       |     5 |     7 ||    13
       Potion            |       |     1 |       |     4 ||     5
 Stab: Sleeping          |     3 |     8 |       |       ||    11
       Distracted        |       |     1 |       |       ||     1
Armor: Skin              |     2 |     3 |     2 |     4 ||    11
Dodge: Dodged            |    12 |    51 |    61 |    33 ||   157

Table legend: (Time is in decaauts)
 A = Elapsed time spent in this place.
 B = Non-inter-level travel time spent in this place.
 C = Inter-level travel time spent in this place.
 D = Time resting spent in this place.
 E = Time spent auto-exploring this place.
 F = Levels seen in this place.
 G = Mean time per level.
                   A        B        C        D        E       F      G
               +--------+--------+--------+--------+--------+-----+--------+
         Total |  12744 |  12453 |    291 |    297 |  10704 |  10 | 1274.4 |
       Dungeon |  12566 |  12290 |    276 |    297 |  10561 |   9 | 1396.2 |
        Temple |    177 |    162 |     15 |      0 |    143 |   1 |  177.0 |
               +--------+--------+--------+--------+--------+-----+--------+

Top non-repeatable levels by time:
     D:8: 2299 daAuts
     D:5: 1710 daAuts
     D:6: 1547 daAuts
     D:7: 1496 daAuts
     D:4: 1242 daAuts
     D:3: 1192 daAuts
     D:1: 1124 daAuts
     D:2: 1034 daAuts
     D:9: 920 daAuts
  Temple: 177 daAuts
